 Dungeon Crawl Stone Soup version 0.30-a0-1124-g6e8f0f562f (console) character file.

Game seed: 11847188627401502292

81558 jejorda2 the Impaler (level 15, -8/196 HPs)
             Began as a Merfolk Berserker on Apr 23, 2023.
             Was the Champion of Trog.
             Mangled by jasper's ghost (16 damage)
             ... on level 2 of the Orcish Mines.
             The game lasted 00:53:19 (21374 turns).

jejorda2 the Impaler (Merfolk Berserker)           Turns: 21374, Time: 00:53:19

Health: -8/196     AC: 20    Str: 29    XL:     15   Next: 70%
Magic:  15/15      EV: 12    Int:  5    God:    Trog [******]
Gold:   1654       SH:  0    Dex: 14    Spells: 14/14 levels left

rFire   + . .        a - +2 halberd (heavy)
rCold   . . .        (shield currently unavailable)
rNeg    + + +        H - +4 scale mail {rF+}
rPois   +            J - +0 helmet of the Pink Corner {rPois rN+++ Str+5 Int-2}
rElec   .            S - +2 cloak {rCorr}
rCorr   +            (no gloves)
SInv    +            L - +2 pair of boots
Will    ++...        I - amulet of regeneration Stlth
                     R - ring of willpower
HPRegen 1.32/turn    g - ring of see invisible
MPRegen 0.14/turn

%: no passive effects
@: berserking, very quick
A: (nimble swimmer 2), mertail
a: Renounce Religion, Berserk, Trog's Hand, Brothers in Arms


You were on level 2 of the Orcish Mines.
You worshipped Trog.
Trog was exalted by your worship.
You visited 3 branches of the dungeon, and saw 22 of its levels.
You also visited: Bailey.

You collected 2234 gold pieces.
You spent 580 gold pieces at shops.

Inventory:

Hand Weapons
 a - a +2 heavy halberd (weapon)
 b - the +4 trident "Dykhlin" {protect, rPois rCorr}
   (You found it on level 15 of the Dungeon)

   rPois:     It protects you from poison.
   rCorr:     It protects you from acid and corrosion.
 w - a +5 antimagic glaive
Missiles
 e - 12 javelins
 h - a throwing net
 i - 41 poisoned darts (quivered)
 k - 42 boomerangs
 y - 5 curare-tipped darts
 K - 3 atropa-tipped darts
 P - 10 silver javelins
Armour
 H - a +4 scale mail of fire resistance (worn)
 J - the +0 helmet of the Pink Corner (worn) {rPois rN+++ Str+5 Int-2}
   (You acquired it in a bailey)

   Str:       It affects your strength (+5).
   Int:       It affects your intelligence (-2).
   rPois:     It protects you from poison.
   rN:        It renders you almost immune to negative energy.
 L - a +2 pair of boots (worn)
 S - a +2 cloak of preservation (worn)
 V - +0 ice dragon scales
Jewellery
 g - a ring of see invisible (right hand)
 I - an amulet of regeneration (around neck)
 R - a ring of willpower (left hand)
 T - a ring of protection from cold
Wands
 d - a wand of polymorph (18)
 l - a wand of roots (10)
 v - a wand of flame (23)
 G - a wand of mindburst (15)
 N - a wand of charming (4)
 O - a wand of digging (8)
 W - a wand of quicksilver (3)
Scrolls
 c - 3 scrolls of blinking
 j - 2 scrolls of magic mapping
 m - 14 scrolls of teleportation
 q - a scroll of immolation
 z - 3 scrolls of poison
 A - 2 scrolls of fog
 C - a scroll of fear
 D - 3 scrolls of identify
Potions
 f - 8 potions of heal wounds
 n - 6 potions of might
 o - 7 potions of attraction
 s - a potion of cancellation
 t - 3 potions of haste
 u - 8 potions of flight
 x - 4 potions of resistance
 B - 2 potions of ambrosia
 E - 2 potions of mutation
 F - 3 potions of invisibility
 M - 9 potions of curing
Miscellaneous
 Q - a phial of floods


   Skills:
 - Level 16.0 Fighting
 - Level 20.0 Polearms
 - Level 16.0 Throwing
 + Level 9.0 Armour
 - Level 4.9 Dodging


You had 14 spell levels left.
You didn't know any spells.
Your spell library was empty.

Dungeon Overview and Level Annotations

Branches:
Dungeon (15/15)            Temple (0/1) D:6            Lair (5/5) D:11
 Shoals (0/4) Lair:2        Snake (0/4) Lair:3        Slime (0/5) Lair:5
    Orc (2/2) D:9          Vaults (0/5) D:13         Depths (0/4) D:15
 Bailey (visited)
    Elf: Orc:2

Altars:
Ashenzari
Hepliaklqana
Kikubaaqudgha
Okawaru
Qazlal
Ru
Vehumet
Xom
Yredelemnul
Zin
Jiyva

Shops:
D:2 **![   D:10 *   D:14 :   Orc:1 (   Orc:2 *:?(=

Annotations:
D:4 2 transporters
D:8 1 runed translucent door, mrblue0's ghost, novice HOFi
Orc:2 jasper's ghost, journeyman TrDe


Innate Abilities, Weirdness & Mutations

((You are very nimble when in or above water. (Stealth+, EV+, Speed+++)))
Your lower body shifts to a powerful aquatic tail in water.


Message History

Jasper's ghost hits you.
You perforate jasper's ghost like a sieve!!!
Jasper's ghost is moderately damaged.
Jasper's ghost barely misses you.
You barely miss jasper's ghost.
Jasper's ghost is moderately damaged.
Jasper's ghost completely misses you.
You closely miss jasper's ghost.
Jasper's ghost is moderately damaged.
Jasper's ghost closely misses you.
You barely miss jasper's ghost.
Jasper's ghost is moderately damaged.
Jasper's ghost hits you but does no damage.
You miss jasper's ghost.
Jasper's ghost is moderately damaged.
Jasper's ghost closely misses you.
You barely miss jasper's ghost.
Jasper's ghost is moderately damaged.
Jasper's ghost hits you!!
You barely miss jasper's ghost.
Jasper's ghost is moderately damaged.
Jasper's ghost hits you but does no damage.
You slash jasper's ghost!
Jasper's ghost is heavily damaged.
Jasper's ghost hits you!!
* * * LOW HITPOINT WARNING * * *
You closely miss jasper's ghost.
Jasper's ghost is heavily damaged.
Jasper's ghost hits you!!
* * * LOW HITPOINT WARNING * * *
A red film seems to cover your vision as you go berserk!
You feel yourself moving faster!
You feel mighty! Jasper's ghost hits you!!
* * * LOW HITPOINT WARNING * * *
You puncture jasper's ghost!
Jasper's ghost is heavily damaged.
Jasper's ghost completely misses you.
You miss jasper's ghost.
Jasper's ghost is heavily damaged.
Jasper's ghost hits you!
You die...

......... # ......... ..........
## .......... .......... ##§
.........#######......... #≈§
.........#.(..(#..$...... #≈.
.........#.!...#......... ##≈.
.........#...(.'......... #8..
.........#♣....'......... ##§.
.........#..$..W@........ #≈§
.........#(...♣#........# #####§.
.........#.....#.......####§≈≈##.
.........#######......## #§§...##
......................### ###8..#
......................##≈§#_.....
......................##§.#......
......................##≈.8......
......................# #........


You could see jasper's ghost.

Vanquished Creatures
  6 slime creatures (D:13)
  An ice dragon (D:13)
  6 hydras
  A vault guard (D:13)
  16 death yaks
  5 two-headed ogres
  4 ogre magi
  A catoblepas (Lair:5)
  3 centaur warriors
  4 boulder beetles
  A deep troll shaman (Lair:5)
  The ghost of xian the Cleaver, a novice OgBe of Trog (D:7)
  Sonja (D:13)
  5 skeletal warriors (D:11)
  Nergalle (Orc:2)
  An orc knight (D:15)
  11 orc sorcerers
  A wolf spider zombie (D:15)
  A deep elf pyromancer (D:15)
  A necromancer (D:15)
  2 wizards
  A wolf spider (D:15)
  An ugly thing (D:11)
  5 manticores
  An elephant (shapeshifter) (D:13)
  Maurice (D:10)
  7 cyclopes
  2 black mambas
  9 elephants
  12 cane toads
  Joseph (D:10)
  3 centaur skeletons (D:15)
  6 komodo dragons
  Psyche (D:10)
  A rime drake (Lair:3)
  4 unseen horrors (D:12)
  A yaktaur (D:15)
  An unseen horror zombie (D:10)
  3 tengu conjurers (D:13)
  3 polar bears
  Prince Ribbit (Lair:2)
  3 hornets
  7 dream sheep (Lair:5)
  16 blink frogs
  A culicivora (shapeshifter) (D:13)
  Sigmund (D:2)
  A vampire (D:11)
  26 yaks
  3 wyverns
  15 vampire mosquitoes
  3 basilisks
  A steam dragon (D:9)
  A redback (D:13)
  A warg (D:9)
  3 nagas (Lair:3)
  An acid dragon (D:12)
  8 water moccasins
  21 orc warriors
  4 ice beasts
  6 black bears
  5 ogres
  23 wolves
  14 centaurs
  A phantom (D:6)
  5 kobold brigands
  14 bullfrogs
  A scorpion (D:5)
  17 killer bees
  3 howler monkeys (D:7)
  2 electric eels (D:14)
  2 centaur zombies
  2 jellies
  Crazy Yiuf (D:3)
  A gnoll bouda (D:6)
  14 orc priests
  3 iguanas
  2 sleepcaps
  40 orc wizards
  3 gnolls (D:6)
  10 adders
  3 shadow imps
  A white imp (D:7)
  An ufetubus (D:6)
  2 worms
  6 dart slugs
  85 orcs
  8 ball pythons
  4 bats
  9 endoplasms
  11 giant cockroaches
  9 goblins
  15 hobgoblins
  2 jackals (D:5)
  35 kobolds
  7 quokkas
  2 frilled lizards
  4 rats
626 creatures vanquished.

Vanquished Creatures (collateral kills)
  An orc warlord (Bailey)
  A hobgoblin (Bailey)
2 creatures vanquished.

Vanquished Creatures (others)
  An orc (Orc:2)
  19 fungi
  40 plants
60 creatures vanquished.

Grand Total: 688 creatures vanquished

Notes
Turn   | Place    | Note
-------+----------+-------------------------------------------
     0 | D:1      | jejorda2 the Merfolk Berserker began the quest for the Orb.
     0 | D:1      | Reached XP level 1. HP: 18/18 MP: 1/1
    68 | D:1      | Reached XP level 2. HP: 24/24 MP: 2/2
   149 | D:1      | Reached skill level 5 in Polearms
   268 | D:1      | Reached XP level 3. HP: 30/30 MP: 3/3
   606 | D:2      | Found Fumeoreng's General Store.
   611 | D:2      | Bought a scroll of teleportation for 30 gold pieces
   620 | D:2      | Noticed Sigmund
   630 | D:2      | Killed Sigmund
   630 | D:2      | Reached ** piety under Trog
   631 | D:2      | Reached skill level 7 in Polearms
   631 | D:2      | Reached XP level 4. HP: 20/38 MP: 4/4
   631 | D:2      | Reached XP level 5. HP: 23/43 MP: 5/5
   726 | D:2      | Found Duom Qomu's General Store.
  1090 | D:2      | Found Fafooty's Distillery.
  1207 | D:2      | Bought a scroll of identify for 20 gold pieces
  1280 | D:2      | Reached XP level 6. HP: 50/50 MP: 6/6
  1394 | D:2      | Found Masauluc's Armour Shoppe.
  1995 | D:3      | Reached skill level 5 in Fighting
  2255 | D:3      | Reached skill level 8 in Polearms
  2314 | D:3      | Found a runed translucent door.
  2315 | D:3      | Noticed Crazy Yiuf
  2934 | D:3      | Killed Crazy Yiuf
  3226 | D:4      | Found a transporter.
  3245 | D:4      | Found a transporter.
  3256 | D:4      | Reached XP level 7. HP: 39/56 MP: 7/7
  3517 | D:5      | Entered Level 5 of the Dungeon
  3517 | D:5      | You fall into a shaft and drop 1 floor!
  3517 | D:6      | Found a broken altar of Ashenzari.
  3539 | D:6      | Reached skill level 9 in Polearms
  3556 | D:6      | Reached *** piety under Trog
  3587 | D:6      | Reached skill level 10 in Polearms
  3629 | D:6      | Reached XP level 8. HP: 48/64 MP: 8/8
  3706 | D:6      | Found a staircase to the Ecumenical Temple.
  3720 | D:6      | Reached skill level 11 in Polearms
  4007 | D:6      | Found an iron altar of Okawaru.
  4209 | D:5      | Reached skill level 12 in Polearms
  4575 | D:5      | Reached XP level 9. HP: 53/69 MP: 9/9
  4899 | D:2      | Bought a +1 ring mail of poison resistance for 130 gold
                  | pieces
  5196 | D:7      | Reached **** piety under Trog
  5197 | D:7      | Reached skill level 13 in Polearms
  5267 | D:7      | Found a sacrificial altar of Ru.
  5583 | D:7      | Found a runed translucent door.
  5647 | D:7      | Noticed xian's ghost (novice OgBe)
  5705 | D:7      | Killed xian's ghost
  5706 | D:7      | Reached skill level 14 in Polearms
  5929 | D:8      | Found a flagged portal.
  5942 | Bailey   | Entered a bailey
  6001 | Bailey   | Noticed an orc warlord
  6093 | Bailey   | Reached skill level 1 in Throwing
  6167 | Bailey   | Found a runed translucent gate.
  6167 | Bailey   | Found a runed translucent gate.
  6167 | Bailey   | Found a runed translucent gate.
  6309 | Bailey   | Killed an orc warlord
  6310 | Bailey   | Reached skill level 15 in Polearms
  6310 | Bailey   | Reached skill level 5 in Armour
  6310 | Bailey   | Reached XP level 10. HP: 76/76 MP: 10/10
  6374 | Bailey   | Acquired the +0 helmet of the Pink Corner {rPois rN+++
                  | Str+5 Int-2}
  7145 | D:8      | Found a runed translucent door.
  7145 | D:8      | Found a shimmering altar of Xom.
  7145 | D:8      | Noticed mrblue0's ghost (novice HOFi)
  7146 | D:8      | Noticed a +0 quarterstaff of chaos
  7155 | D:8      | Noticed a two-headed ogre
  7161 | D:8      | Killed a two-headed ogre
  7604 | D:9      | Noticed a two-headed ogre
  7616 | D:9      | Killed a two-headed ogre
  7617 | D:9      | Reached skill level 5 in Throwing
  7625 | D:9      | Reached skill level 16 in Polearms
  7677 | D:9      | Found a stormy altar of Qazlal.
  7746 | D:9      | Reached XP level 11. HP: 69/81 MP: 11/11
  7938 | D:9      | Found a glowing silver altar of Zin.
  8055 | D:9      | Found a staircase to the Orcish Mines.
  8566 | D:9      | Noticed a five-headed hydra
  8581 | D:9      | Killed a five-headed hydra
  8699 | D:10     | Entered Level 10 of the Dungeon
  8767 | D:10     | Noticed a two-headed ogre
  8772 | D:10     | Killed a two-headed ogre
  8970 | D:10     | Found a radiant altar of Vehumet.
  9036 | D:10     | Reached skill level 17 in Polearms
  9105 | D:10     | Noticed Psyche
  9110 | D:10     | Killed Psyche
  9167 | D:10     | Found a basalt altar of Yredelemnul.
  9216 | D:10     | Noticed Joseph
  9228 | D:10     | Reached ***** piety under Trog
  9231 | D:10     | Killed Joseph
  9319 | D:10     | Noticed Maurice
  9336 | D:10     | Killed Maurice
  9544 | D:10     | Found Reum's Fire Supplies.
  9920 | D:2      | Bought a phial of floods for 400 gold pieces
 10162 | D:11     | Found a staircase to the Lair.
 10300 | D:11     | Noticed a boulder beetle
 10322 | D:11     | Killed a boulder beetle
 10432 | D:11     | Noticed a skeletal warrior
 10440 | D:11     | Noticed a skeletal warrior
 10444 | D:11     | Noticed a skeletal warrior
 10470 | D:11     | Killed a skeletal warrior
 10471 | D:11     | Reached XP level 12. HP: 83/94 MP: 12/12
 10950 | D:11     | Reached skill level 18 in Polearms
 10954 | D:11     | Acquired a manual of Fighting
 11830 | Lair:1   | Entered Level 1 of the Lair of Beasts
 12083 | Lair:1   | Reached skill level 10 in Fighting
 12457 | Lair:2   | Found a staircase to the Shoals.
 12460 | Lair:2   | Noticed a seven-headed hydra
 12479 | Lair:2   | Killed a seven-headed hydra
 12701 | Lair:2   | Reached skill level 10 in Throwing
 12751 | Lair:2   | Noticed a death yak
 12751 | Lair:2   | Noticed a death yak
 12752 | Lair:2   | Noticed a death yak
 12752 | Lair:2   | Noticed a death yak
 12753 | Lair:2   | Noticed a death yak
 12762 | Lair:2   | Killed a death yak
 12767 | Lair:2   | Killed a death yak
 12772 | Lair:2   | Killed a death yak
 12773 | Lair:2   | Reached XP level 13. HP: 107/107 MP: 13/13
 12777 | Lair:2   | Reached skill level 19 in Polearms
 13131 | Lair:2   | Noticed Prince Ribbit
 13144 | Lair:2   | Killed Prince Ribbit
 14051 | Lair:3   | Received a gift from Trog
 14489 | Lair:3   | Found a staircase to the Snake Pit.
 14838 | Lair:3   | Reached skill level 20 in Polearms
 15424 | Lair:4   | Reached skill level 15 in Fighting
 15428 | Lair:4   | Reached XP level 14. HP: 123/123 MP: 14/14
 15786 | Lair:5   | Entered Level 5 of the Lair of Beasts
 15840 | Lair:5   | Found a staircase to the Slime Pits.
 15851 | Lair:5   | Found a viscous altar of Jiyva.
 17578 | D:13     | Noticed Sonja
 17594 | D:13     | Killed Sonja
 17976 | D:13     | Found a gate to the Vaults.
 18179 | D:13     | Reached XP level 15. HP: 101/131 MP: 15/15
 18560 | D:13     | Reached skill level 15 in Throwing
 18641 | D:14     | Found Zytiarufuf's Book Shop.
 19438 | D:15     | Entered Level 15 of the Dungeon
 19855 | D:15     | Found a staircase to the Depths.
 20033 | D:15     | Found a hazy altar of Hepliaklqana.
 20081 | D:15     | Identified the +4 trident "Dykhlin" {protect, rPois rCorr}
 20347 | Orc:1    | Entered Level 1 of the Orcish Mines
 20624 | Orc:1    | Found Xaxoshru's Weapon Shop.
 20822 | Orc:2    | Entered Level 2 of the Orcish Mines
 20928 | Orc:2    | Received a gift from Trog
 20932 | Orc:2    | Found Mytz's Book Shop.
 20955 | Orc:2    | Found an ancient bone altar of Kikubaaqudgha.
 20955 | Orc:2    | Noticed Nergalle
 20968 | Orc:2    | Killed Nergalle
 20972 | Orc:2    | Found Piage's Antique Weapon Shop.
 20999 | Orc:2    | Found a radiant altar of Vehumet.
 21051 | Orc:2    | Reached ****** piety under Trog
 21055 | Orc:2    | Found Emoator's Magic Scroll Boutique.
 21106 | Orc:2    | Found Zeurchoj's Jewellery Boutique.
 21142 | Orc:2    | Found Behouhea's General Store.
 21353 | Orc:2    | Found a runed translucent gate.
 21353 | Orc:2    | Found a runed translucent gate.
 21353 | Orc:2    | Found a runed translucent gate.
 21354 | Orc:2    | Noticed jasper's ghost (journeyman TrDe)
 21372 | Orc:2    | HP: 6/196 [jasper's ghost (26)]
 21374 | Orc:2    | Mangled by jasper's ghost

Illustrated notes

Levels and vault maps discovered:
D:1:      dpeg_arrival_radiant, layout_basic, minmay_bisected
D:2:      layout_loops_corners, serial_shops, shop,
          nicolae_shop_back_alley_shop, nicolae_shop_statue_plus, shop,
          uniq_sigmund
D:3:      layout_basic, kennysheep_generic_room_6, uniq_crazy_yiuf_cottage
D:4:      gammafunk_wand_slinger, layout_rooms, minmay_misc_feat_columns
D:5:      layout_rooms, portal_sewer_entry_f, st_stairs_11,
          grunt_decor_one_mirror, nicolae_figureground_sparkle
D:6:      layout_basic, nicolae_overflow_hidden_temple,
          minmay_temple_entry_slanted, nicolae_figureground_pulse
D:7:      layout_loops_ring, mainiacjoe_overflow_24_doors,
          ebering_ghost_reflecting_pool
D:8:      layout_basic, enter_bailey_3, ebering_ghost_xom, roderic_lattice_a
D:9:      layout_roguey, grunt_qazlal_sundering, zin_academy, erik_orc_3,
          small_chamber_with_monster
D:10:     layout_loops_corners, lemuel_zombie_altar_yredelemnul,
          kennysheep_mini, nicolae_shop_fire_sale [nicolae_sub_dead_trees],
          uniq_joseph, uniq_maurice, uniq_psyche
D:11:     layout_small_grid, lair_entry_dummy, serial_rivers,
          chequers_serial_rivers_micro_b, chequers_serial_rivers_small_b,
          chequers_serial_rivers_micro_c, chequers_serial_rivers_small_3,
          chequers_serial_rivers_room_b, chequers_serial_rivers_micro_c,
          amcnicky_mini_pool_small
D:12:     layout_rooms, serial_glass, glass_columns_a, glass_columns_a
D:13:     layout_small_grid, david_vaults_5, chequers_serial_rivers_micro_e,
          uniq_sonja
D:14:     layout_irregular_city, serial_shops, shop, minivault_14
D:15:     grunt_enter_depths_magical_seal, layout_irregular_city, nrook_uturn,
          nzn_hepliaklqana_mist_gate
Lair:1:   layout_misc_corridors, lemuel_fruit_fields,
          infiniplex_staircase_pool_2
Lair:2:   layout_regular_city, minmay_shoals_entry_centaurs, wad_woods_road_01,
          grunt_megastairs_4, uniq_prince_ribbit2
Lair:3:   cheibrodos_lair_river_kwai, layout_regular_city,
          minmay_snake_entry_guardpost_small
Lair:4:   layout_long_grid, minivault_24, chequers_serial_rivers_room_a
Lair:5:   grunt_lair_end_beastmaster, layout_hall_layers,
          nicolae_slime_entry_slimehenge
Orc:1:    layout_caves, serial_shops, shop
Orc:2:    kennysheep_orc_mage_school, layout_caves, serial_shops,
          nicolae_diamond_shop, ebering_ghost_rock_garden

Skill      XL: |  1  2  3  4  5  6  7  8  9 10 11 12 13 14 15 |
---------------+----------------------------------------------+-----
Polearms       | 5 7 8 10 12 15 16 17 18 20 | 20.0
Fighting       | 4 5 6 8 11 15 16 | 16.0
Armour         | 3 5 6 7 9 |  9.0
Throwing       | 3 6 8 10 12 14 16 | 16.0
Dodging        | 4 |  4.9

Action                     |  1- 3 |  4- 6 |  7- 9 | 10-12 | 13-15 || total
---------------------------+-------+-------+-------+-------+-------++-------
  Melee: Spear             |    55 |       |       |       |       ||    55
         Unarmed           |     3 |     5 |       |       |       ||     8
         Halberd           |       |   161 |   293 |   470 |   685 ||  1609
         Tailslap          |       |       |     3 |     1 |     3 ||     7
         Trident           |       |       |       |    22 |   260 ||   282
         Punch             |       |       |       |       |     5 ||     5
  Throw: Stone             |       |       |    11 |       |       ||    11
         Dart              |       |       |       |    42 |    93 ||   135
         Boomerang         |       |       |       |    16 |     6 ||    22
         Javelin           |       |       |       |    17 |    10 ||    27
 Invoke: Trog's Hand       |       |     2 |     4 |     4 |     6 ||    16
         Berserk           |       |     2 |     5 |    10 |    12 ||    29
         Brothers in Arms  |       |       |     1 |       |       ||     1
    Use: Potion            |     5 |       |     1 |       |       ||     6
         Scroll            |       |     9 |     8 |    10 |     3 ||    30
   Stab: Petrified         |       |       |       |       |     2 ||     2
 Armour: Ring mail         |     5 |    41 |    16 |       |       ||    62
         Animal skin       |     1 |       |       |       |       ||     1
         Chain mail        |       |       |    59 |       |       ||    59
         Scale mail        |       |       |       |   186 |   465 ||   651
  Dodge: Dodged            |    15 |    72 |    76 |   177 |   444 ||   784

Table legend: (Time is in decaauts)
 A = Elapsed time spent in this place.
 B = Non-inter-level travel time spent in this place.
 C = Inter-level travel time spent in this place.
 D = Time resting spent in this place.
 E = Time spent auto-exploring this place.
 F = Levels seen in this place.
 G = Mean time per level.
                   A        B        C        D        E       F      G
               +--------+--------+--------+--------+--------+-----+--------+
         Total |  21197 |  19625 |   1572 |   2333 |  13465 |  23 |  921.6 |
       Dungeon |  14658 |  13355 |   1303 |   1356 |   9691 |  15 |  977.2 |
          Lair |   5042 |   4774 |    268 |    882 |   3051 |   5 | 1008.4 |
  Orcish Mines |   1023 |   1023 |      0 |      2 |    659 |   2 |  511.5 |
        Bailey |    473 |    473 |      0 |     92 |     63 |   1 |  473.0 |
               +--------+--------+--------+--------+--------+-----+--------+

Top non-repeatable levels by time:
    D:11: 1698 daAuts
  Lair:3: 1547 daAuts
     D:2: 1545 daAuts
     D:3: 1215 daAuts
     D:8: 1169 daAuts
     D:9: 1157 daAuts
    D:10: 1089 daAuts
  Lair:5: 1081 daAuts
    D:13: 1026 daAuts
  Lair:2: 986 daAuts
     D:7: 900 daAuts
  Lair:4: 824 daAuts
    D:15: 819 daAuts
    D:14: 797 daAuts
     D:6: 724 daAuts
